 Dungeon Crawl Stone Soup version 0.20.0-6-gd3061e9 (webtiles) character file.

10010 zhorgal the Martial Artist (level 11, -5/56 HPs)
             Began as a Vine Stalker Earth Elementalist on May 28, 2017.
             Was a Follower of Okawaru.
             Slain by a komodo dragon (22 damage)
             ... on level 10 of the Dungeon.
             The game lasted 00:48:54 (11121 turns).

zhorgal the Martial Artist (VSEE)                  Turns: 11121, Time: 00:48:55

Health: -5/56      AC: 19    Str: 10    XL:     11   Next: 55%
Magic:  0/16       EV:  5    Int: 15    God:    Okawaru [*.....]
Gold:   655        SH:  0    Dex: 19    Spells: 7/14 levels left

rFire    . . .     SeeInvis +     - Unarmed
rCold    + + .     Gourm    .   (no shield)
rNeg     . . .     Faith    .   p - +0 plate armour {rC+}
rPois    .         Spirit   +   (no helmet)
rElec    .         Reflect  .   T - +2 cloak
rCorr    .         Harm     .   (no gloves)
MR       +....                  s - +0 pair of boots
Stlth    ..........             m - amulet of magic regeneration
Regen    0.6/turn               u - ring of see invisible
MPRegen  0.3/turn               x - ring of protection from cold

@: heroism
A: fangs 3, regeneration 1, magic shield, antimagic bite, no potion heal 3, rot
immunity
a: Heroism, Renounce Religion


You were on level 10 of the Dungeon.
You worshipped Okawaru.
Okawaru was aware of your devotion.
You were not hungry.

You visited 2 branches of the dungeon, and saw 14 of its levels.

You collected 720 gold pieces.
You donated 65 gold pieces to Zin.

Inventory:

Hand Weapons
 E - the +10 trident of True Grit {pierce, MR+ SInv}
   (You found it on level 4 of the Dungeon)

   It inflicts extra damage upon your enemies.
   It affects your resistance to hostile enchantments.
   It lets you see invisible.
 K - a +1 flail of holy wrath
 R - a +1 dagger of venom
Missiles
 f - 5 throwing nets (quivered)
 k - 12 tomahawks
 q - 145 arrows
 L - 8 poisoned javelins
Armour
 p - a +0 plate armour of cold resistance (worn)
 s - a +0 pair of boots (worn)
 Q - a +0 troll leather armour
 T - a +2 cloak (worn)
 U - a +2 chain mail of poison resistance
Jewellery
 b - an uncursed ring of protection from cold
 m - an amulet of magic regeneration (around neck)
 u - a ring of see invisible (left hand)
 x - a ring of protection from cold (right hand)
 B - an uncursed ring of wizardry
Wands
 c - a wand of polymorph (8/24)
 G - a wand of lightning (8/15)
 N - a wand of paralysis (14/24)
 X - a wand of scattershot (3/9)
Scrolls
 g - 2 scrolls of immolation {unknown}
 h - 2 scrolls of blinking {unknown}
 j - 2 scrolls of random uselessness {unknown}
 l - 7 scrolls of teleportation
 r - a scroll of fog {unknown}
 w - 6 scrolls of remove curse
 y - 3 scrolls of magic mapping {unknown}
 A - 4 scrolls of recharging
 C - a scroll of amnesia {unknown}
 I - a scroll of torment {unknown}
 M - a scroll of enchant weapon {unknown}
 O - a scroll of silence {unknown}
 Z - a scroll of vulnerability {unknown}
Potions
 a - a potion of berserk rage {unknown}
 n - 4 potions of curing
 o - 3 potions of cancellation
 t - 3 potions of mutation
 z - 4 potions of brilliance {unknown}
 D - 3 potions of magic {unknown}
 F - 4 potions of agility {unknown}
 H - a potion of degeneration {unknown}
 J - a potion of lignification {unknown}
 W - a potion of flight
Books
 e - a book of Geomancy

   Spells                             Type                      Level
   a - Sandblast                      Earth                        1
   b - Passwall                       Transmutation/Earth          2
   c - Stone Arrow                    Conjuration/Earth            3
   d - Petrify                        Transmutation/Earth          4
   e - Lee's Rapid Deconstruction     Earth                        5
 V - a book of Transfigurations

   Spells                             Type                      Level
   a - Irradiate                      Conjuration/Transmutation    5
   b - Statue Form                    Transmutation/Earth          6
   c - Hydra Form                     Transmutation                6
   d - Dragon Form                    Transmutation                7
Miscellaneous
 Y - a lightning rod (inert)
Comestibles
 d - 6 bread rations
 i - 11 meat rations
 v - 4 royal jellies
 P - a fruit
 S - 4 chunks of flesh


   Skills:
 + Level 6.1(11.1) Fighting
 - Level 5.3(10.3) Armour
 + Level 2.0(7.0) Dodging
 - Level 2.4(7.4) Stealth
 * Level 12.7(17.7) Unarmed Combat
 - Level 2.1 Spellcasting
 - Level 2.3 Transmutations
 - Level 3.8 Earth Magic
 + Level 6.5 Invocations


You had 7 spell levels left.
You knew the following spells:

 Your Spells              Type           Power        Failure   Level  Hunger
a - Sandblast             Erth           ##....       100%        1    #......
b - Statue Form           Tmut/Erth      ##.......    100%        6    #######


Dungeon Overview and Level Annotations

Branches:
Dungeon (13/15)            Temple (0/1) D:6            Lair (1/6) D:10
    Orc (0/2) D:9
 Vaults: D:13-14

Altars:
Ashenzari
Gozag
Hepliaklqana
Kikubaaqudgha
Makhleb
Nemelex Xobeh
Okawaru
Sif Muna
Trog
Vehumet
Xom
Yredelemnul
Zin

Shops:
D:6 [

Annotations:
D:3 1 runed door
D:11 Nergalle


Innate Abilities, Weirdness & Mutations

You have razor-sharp teeth.
Your natural rate of healing is unusually fast.
When hurt, damage is shared between your health and your magic reserves.
Your bite disrupts and absorbs the magic of your enemies.
Potions cannot restore your health.
You are immune to rotting.


Message History

Things that are here:
a yak corpse x2
Butcher a yak corpse? [(y)es/(c)hoosy/(n)o/(a)ll/(e)dible/(q)uit/?]
Okay, then.
There is a staircase back to the Dungeon, spattered with blood here.
The komodo dragon bites you!!
You climb upwards.
Welcome back to the Dungeon!
There is a staircase to the Lair, spattered with blood here.
You hit the komodo dragon.
You bite the komodo dragon, but do no damage.
The komodo dragon is lightly wounded.
The komodo dragon bites you!
You gain the combat prowess of a mighty hero.
The komodo dragon bites you!
* * * LOW HITPOINT WARNING * * *
Your plate armour prevents you from hitting the komodo dragon.
You bite the komodo dragon, but do no damage.
The komodo dragon is lightly wounded.
The komodo dragon bites you!!
You die...

#..#########..#......#
#...............P#.#.#
####.######......PP..#.#
.###.# #.P.P..PP.P...##
.....# ##P........P....#
.##### #.....P.P....P..#
.# #.....####.P.P..# .#
##..P..'[l#P.PP..#
.#######..PP.P#)@#...P.##
.#........P.P.####P..PP#
.#.........P.P.P.P...PP#
##..........P.P.......##
#######....P.P.P......#
........#.#.PPP......##
######..#.###......###
#..#.# #.##.#.#
######....###.##.#.#####


You could see a komodo dragon.

Vanquished Creatures
  A two-headed ogre (D:9)
  Pikel (D:5)
  A gargoyle (D:10)
  A troll (D:10)
  2 polar bears
  Prince Ribbit (D:6)
  A hippogriff (D:8)
  Sigmund (D:4)
  The ghost of Larmestyx the Sneak, an amateur VSEn (D:5)
  2 wyverns (D:9)
  10 yaks
  2 hungry ghosts (D:7)
  Menkaure (D:6)
  A water moccasin (D:10)
  2 porcupines (D:10)
  5 black bears
  8 orc warriors
  2 sky beasts
  2 slaves
  4 ice beasts
  3 phantoms
  4 ogres
  A centaur (D:9)
  Blork the orc (D:4)
  A big kobold (D:8)
  4 bullfrogs
  A wyvern skeleton (D:8)
  A water moccasin skeleton (D:4)
  5 killer bees
  2 howler monkeys
  4 crimson imps
  A quasit (D:8)
  A centaur zombie (D:6)
  A jelly (D:8)
  11 orc priests
  4 hounds
  10 orc wizards
  2 bullfrog skeletons
  A gnoll shaman (D:4)
  A human zombie (D:3)
  A centaur skeleton (D:4)
  Jessica (D:2)
  5 iguanas
  7 worker ants
  A hound skeleton (D:8)
  A worker ant zombie (D:10)
  6 gnolls
  7 adders
  2 shadow imps
  An adder zombie (D:9)
  2 adder skeletons
  3 worms
  3 dart slugs (D:1)
  5 leopard geckos
  54 orcs
  4 giant cockroaches
  6 hobgoblins
  7 jackals
  10 kobolds
  2 quokkas
  4 bats
  10 frilled lizards
  6 goblins
  3 jackal skeletons
  A leopard gecko zombie (D:7)
  A quokka skeleton (D:4)
  2 quokka zombies (D:7)
  2 rats
265 creatures vanquished.

Vanquished Creatures (others)
  A slave (D:6)
  An orc priest (D:6)
  An orc wizard (D:6)
  A quokka (D:6)
4 creatures vanquished.

Grand Total: 269 creatures vanquished

Notes
Turn   | Place    | Note
-------+----------+-------------------------------------------
     0 | D:1      | zhorgal the Vine Stalker Earth Elementalist began the quest for the Orb.
     0 | D:1      | Reached XP level 1. HP: 9/9 MP: 4/4
   565 | D:1      | Reached skill level 1 in Unarmed Combat
   620 | D:1      | Reached XP level 2. HP: 13/13 MP: 6/6
   733 | D:1      | Reached skill level 2 in Unarmed Combat
  1054 | D:1      | Reached skill level 3 in Unarmed Combat
  1054 | D:1      | Reached XP level 3. HP: 2/16 MP: 5/7
  1260 | D:1      | Gained mutation: Your natural rate of healing is unusually fast. [Vine Stalker growth]
  1260 | D:1      | Reached XP level 4. HP: 12/21 MP: 5/8
  1543 | D:2      | Found a glowing silver altar of Zin.
  1544 | D:2      | Noticed an angel
  1547 | D:2      | Found a shimmering altar of Xom.
  1562 | D:2      | Noticed Jessica
  1572 | D:2      | Killed Jessica
  1572 | D:2      | Reached skill level 4 in Unarmed Combat
  1588 | D:2      | Became a worshipper of Zin the Law-Giver
  1782 | D:2      | Found a sparkling altar of Nemelex Xobeh.
  1913 | D:2      | Reached XP level 5. HP: 23/24 MP: 9/9
  2699 | D:3      | Found a runed door.
  2699 | D:3      | Noticed a human
  2716 | D:3      | Reached skill level 5 in Unarmed Combat
  2718 | D:3      | Found a basalt altar of Yredelemnul.
  2905 | D:4      | Reached * piety under Zin
  2928 | D:3      | Reached XP level 6. HP: 15/28 MP: 5/10
  3109 | D:4      | Reached skill level 6 in Unarmed Combat
  3191 | D:4      | Noticed Blork the orc
  3200 | D:4      | Killed Blork the orc
  3323 | D:4      | Reached XP level 7. HP: 31/32 MP: 11/11
  3347 | D:4      | Reached skill level 7 in Unarmed Combat
  3359 | D:4      | Got a pitted trident
  3360 | D:4      | Identified the +10 trident of True Grit {pierce, MR+ SInv} (You found it on level 4 of the Dungeon)
  3367 | D:4      | Reached ** piety under Zin
  3386 | D:4      | Noticed Sigmund
  3390 | D:4      | Killed Sigmund
  3534 | D:4      | Reached skill level 8 in Unarmed Combat
  3992 | D:4      | Found a burning altar of Makhleb.
  4075 | D:4      | Gained mutation: You have razor-sharp teeth. [Vine Stalker growth]
  4075 | D:4      | Reached XP level 8. HP: 7/36 MP: 2/12
  4151 | D:5      | Entered Level 5 of the Dungeon
  4170 | D:5      | Noticed Larmestyx's ghost (amateur VSEn)
  4291 | D:5      | Reached skill level 9 in Unarmed Combat
  4363 | D:5      | Reached *** piety under Zin
  4648 | D:5      | Killed Larmestyx's ghost
  4648 | D:5      | Reached skill level 1 in Fighting
  4648 | D:5      | Reached skill level 1 in Armour
  4648 | D:5      | Reached skill level 1 in Invocations
  4845 | D:5      | Reached **** piety under Zin
  5068 | D:5      | Found a hazy altar of Hepliaklqana.
  5068 | D:5      | Found a deep blue altar of Sif Muna.
  5137 | D:6      | Noticed Pikel
  5180 | D:5      | Killed Pikel
  5180 | D:5      | Reached XP level 9. HP: 19/42 MP: 13/13
  5241 | D:6      | Found an opulent altar of Gozag.
  5292 | D:6      | Noticed Prince Ribbit
  5300 | D:6      | Killed Prince Ribbit
  5300 | D:6      | Reached skill level 10 in Unarmed Combat
  5379 | D:6      | Noticed Menkaure
  5412 | D:6      | Killed Menkaure
  5516 | D:6      | Reached ***** piety under Zin
  5522 | D:6      | Found Uvustriar's Antique Armour Emporium.
  5555 | D:6      | Found a shattered altar of Ashenzari.
  6073 | D:6      | Found a staircase to the Ecumenical Temple.
  6347 | D:7      | Found an iron altar of Okawaru.
  6676 | D:7      | Found a bloodstained altar of Trog.
  6715 | D:7      | Reached XP level 10. HP: 18/49 MP: 6/14
  6944 | D:8      | Reached skill level 11 in Unarmed Combat
  7144 | D:8      | Found an ancient bone altar of Kikubaaqudgha.
  7154 | D:8      | Found a bloodstained altar of Trog.
  7156 | D:8      | Found a radiant altar of Vehumet.
  7351 | D:8      | Reached ****** piety under Zin
  7792 | D:8      | Reached skill level 5 in Invocations
  8457 | D:9      | Reached skill level 5 in Fighting
  8703 | D:9      | Found a staircase to the Orcish Mines.
  8818 | D:9      | Reached skill level 12 in Unarmed Combat
  8876 | D:9      | Noticed a two-headed ogre
  8883 | D:9      | Killed a two-headed ogre
  8883 | D:9      | Reached skill level 5 in Armour
  8883 | D:9      | Reached XP level 11. HP: 50/56 MP: 13/16
  9149 | D:10     | Entered Level 10 of the Dungeon
  9402 | D:10     | Found a staircase to the Lair.
  9534 | D:7      | Fell from the grace of Zin
  9534 | D:7      | Became a worshipper of Warmaster Okawaru
  9542 | D:7      | Learned a level 6 spell: Statue Form
 10164 | D:10     | You fall through a shaft for 3 floors!
 10308 | D:11     | Noticed Nergalle
 10878 | Lair:1   | Entered Level 1 of the Lair of Beasts
 10905 | D:10     | Reached * piety under Okawaru
 11121 | D:10     | Slain by a komodo dragon

Skill      XL: |  1  2  3  4  5  6  7  8  9 10 11 |
---------------+----------------------------------+-----
Unarmed Combat | 1 3 4 5 6 8 9 10 12 | 12.7
Fighting       | 2 4 5 6 |  6.1
Armour         | 2 3 5 |  5.3
Invocations    | 2 4 5 6 |  6.5
Transmutations | 2 |  2.3
Dodging        | 2 |  2.0
Stealth        | |  2.4
Spellcasting   | |  2.1
Earth Magic    | |  3.8

Action                   |  1- 3 |  4- 6 |  7- 9 | 10-12 || total
-------------------------+-------+-------+-------+-------++-------
Melee: Unarmed           |    94 |   246 |   274 |   567 ||  1181
       Bite              |    24 |    70 |    84 |   200 ||   378
       Punch             |       |     3 |     7 |    19 ||    29
       Trident           |       |       |    36 |       ||    36
Throw: Stone             |       |       |     6 |     1 ||     7
Invok: Recite            |       |       |     3 |     1 ||     4
       Heroism           |       |       |       |     1 ||     1
Evoke: Lightning rod     |       |       |       |     4 ||     4
  Use: Potion            |       |     1 |     3 |     4 ||     8
       Scroll            |       |       |       |    11 ||    11
 Stab: Invisible         |       |       |     1 |       ||     1
  Eat: Chunk             |     1 |     6 |     9 |    13 ||    29
       Royal jelly       |       |       |     1 |     1 ||     2
       Fruit             |       |       |     5 |     1 ||     6
Armor: Scale mail        |    20 |       |       |       ||    20
       Robe              |     1 |       |       |       ||     1
       Plate armour      |    28 |   176 |   142 |   407 ||   753
Dodge: Dodged            |    30 |     5 |    12 |    73 ||   120
